 Dungeon Crawl Stone Soup version 0.24.0-13-gcf9b319 (webtiles) character file.

Game seed: 18399363861553611715, levelgen mode: deterministic

185 Fortress the Conjurer (level 5, -8/38 HPs)
             Began as a Draconian Conjurer on Jan 11, 2020.
             Killed by divine providence
             ... invoked by an orc priest
              (14 damage)
             ... on level 4 of the Dungeon.
             The game lasted 00:14:32 (3293 turns).

Fortress the Conjurer (Draconian Conjurer)          Turns: 3293, Time: 00:14:34

Health: -8/38      AC:  5    Str: 10    XL:     5   Next: 37%
Magic:  1/10       EV: 12    Int: 17    God:
Gold:   161        SH:  0    Dex: 11    Spells: 9/10 levels left

rFire    . . .     SeeInvis +   q - +1 hand axe
rCold    . . .     Gourm    .   (no shield)
rNeg     . . .     Faith    .   (armour unavailable)
rPois    .         Spirit   .   (helmet restricted)
rElec    .         Reflect  .   (no cloak)
rCorr    .         Harm     .   (no gloves)
MR       .....                  (no boots)
Stlth    ++........             (no amulet)
HPRegen  0.12/turn              k - ring of see invisible
MPRegen  0.12/turn              (no ring)

@: no status effects
A: unfitting armour, cold-blooded, AC +5
a: no special abilities


You were on level 4 of the Dungeon.
You were hungry.

You visited 1 branch of the dungeon, and saw 4 of its levels.

You collected 161 gold pieces.

Inventory:

Hand Weapons
 q - a +1 hand axe (weapon)
Missiles
 f - 11 poisoned darts (quivered)
Jewellery
 k - a ring of see invisible (left hand)
Scrolls
 a - 2 scrolls of identify
 d - a scroll of enchant weapon
 g - a scroll of amnesia
 h - 2 scrolls of teleportation
 j - 2 scrolls of fog
 m - a scroll of remove curse {unknown}
Potions
 c - 3 potions of lignification
 e - a potion of haste {unknown}
 n - 2 potions of agility
 o - a potion of magic {unknown}
 p - a potion of curing
Comestibles
 b - 7 rations


   Skills:
 + Level 0.1 Axes
 - Level 2.0 Dodging
 - Level 2.0 Stealth
 - Level 0.4 Unarmed Combat
 + Level 3.4 Spellcasting
 + Level 5.6 Conjurations


You had 9 spell levels left.
You knew the following spells:

 Your Spells              Type           Power        Failure   Level  Hunger
a - Magic Dart            Conj           ###.         1%          1    None

Your spell library contained the following spells:

 Spells                   Type           Power        Failure   Level  Hunger
 Searing Ray              Conj           ###...       2%          2    ##.....
 Dazzling Spray           Conj/Hex       ##....       16%         3    ###....
 Iskenderun's Mystic Bla  Conj           ###.....     17%         4    ####...
 Force Lance              Conj/Tloc      ##......     45%         4    ####...
 Fulminant Prism          Conj/Hex       ##........   45%         4    ####...


Dungeon Overview and Level Annotations

Branches:
Dungeon (4/15)
 Temple: D:4-7

Altars:
Cheibriados
Elyvilon
Okawaru
The Shining One


Innate Abilities, Weirdness & Mutations

Your plain brown scales are hard. (AC +5)
You cannot fit into any form of body armour.
You are cold-blooded and may be slowed by cold attacks.


Message History

The orc priest hits you with a +0 short sword.
* * * LOW HITPOINT WARNING * * *
It was a potion of curing.
You feel better.
The orc priest looks more healthy.
The bullfrog skeleton misses you.
The orc priest hits you with a +0 short sword.
* * * LOW HITPOINT WARNING * * *
You hit the orc priest.
You tail-slap the orc priest, but do no damage.
The orc priest is almost dead.
You hit the bullfrog skeleton.
The bullfrog skeleton barely misses you.
The orc priest looks satisfied for a moment.
The bullfrog skeleton hits you but does no damage.
You hit the orc priest but do no damage.
The orc priest is almost dead.
You hit the bullfrog skeleton.
The bullfrog skeleton closely misses you.
The orc priest mumbles some strange prayers to Beogh against you.
Beogh smites you!
You die...

.........♣ #.....#
.........♣##.....
#........#.... .
#......##..##
#.##......##...#
...............###
......#........#)##
.........#......Zo#.###.
.........####...@.(((...
...##...§#§§#....)#...(#
.......#.<§§#...........
.......#§§#.............
..##..##§##.....#.......
. ....#.........##......
...###.................
..........##...........#
....##....###..........#


You could see an orc priest and a bullfrog skeleton.

Vanquished Creatures
  2 orc wizards
  4 adders
  2 oozes (D:2)
  4 dart slugs (D:2)
  2 leopard geckos
  5 orcs
  A ball python (D:3)
  7 bats
  7 giant cockroaches
  8 goblins
  8 hobgoblins
  4 jackals (D:3)
  2 quokkas
  7 frilled lizards
  3 kobolds
  8 rats
74 creatures vanquished.

Notes
Turn   | Place    | Note
-------+----------+-------------------------------------------
     0 | D:1      | Fortress the Draconian Conjurer began the quest for the
                  | Orb.
     0 | D:1      | Reached XP level 1. HP: 14/14 MP: 3/3
    12 | D:1      | You fall into a shaft and drop 1 floor!
   171 | D:2      | Reached XP level 2. HP: 20/20 MP: 0/5
   549 | D:2      | Reached XP level 3. HP: 21/26 MP: 4/6
   612 | D:2      | Found a glowing golden altar of the Shining One.
   931 | D:1      | Reached skill level 5 in Conjurations
  1723 | D:2      | Reached XP level 4. HP: 33/33 MP: 2/7
  2130 | D:2      | Found a snail-covered altar of Cheibriados.
  2783 | D:3      | Found a faded altar of an unknown god.
  2830 | D:3      | Reached XP level 5. HP: 38/38 MP: 4/9
  2920 | D:3      | Found a white marble altar of Elyvilon.
  2927 | D:3      | Found an iron altar of Okawaru.
  3293 | D:4      | Killed from afar by an orc priest

Levels and vault maps discovered:
D:1:      dpeg_arrival_rooms_b, layout_basic
D:2:      layout_loops_corners, kennysheep_slug_shrine, tso_oasis_becter
D:3:      layout_loops_cross, minitemple, first_ration,
          chequers_ecumenical_altar_twisty, kennysheep_nub
D:4:      layout_cave_pools, zin_academy

Skill      XL: |  1  2  3  4 |
---------------+-------------+-----
Dodging        | 2 |  2.0
Conjurations   | 5 |  5.6
Stealth        | 2 |  2.0
Spellcasting   | 3 |  3.4
Axes           | |  0.1
Unarmed Combat | |  0.4

Action                   |  1- 3 |  4- 6 || total
-------------------------+-------+-------++-------
Melee: Unarmed           |    43 |     9 ||    52
       Tailslap          |     5 |     3 ||     8
       Hand axe          |       |    14 ||    14
Throw: Dart              |    10 |    10 ||    20
 Cast: Magic Dart        |    67 |    75 ||   142
  Use: Scroll            |       |     7 ||     7
       Potion            |       |     2 ||     2
  Eat: Chunk             |     2 |     6 ||     8
Armor: Skin              |    12 |    15 ||    27
Dodge: Dodged            |    25 |    35 ||    60
